 Dungeon Crawl Stone Soup version 0.19.1 (webtiles) character file.

74 pkoi the Insei (level 4, 0/33 HPs)
             Began as a Demonspawn Gladiator on Dec 1, 2016.
             Succumbed to a scorpion's poison
             ... on level 2 of the Dungeon.
             The game lasted 00:01:47 (1541 turns).

pkoi the Insei (Demonspawn Gladiator)               Turns: 1541, Time: 00:01:47

Health: 0/33       AC:  5    Str: 15    XL:     4   Next: 9%
Magic:  4/4        EV: 13    Int:  9    God:
Gold:   74         SH:  0    Dex: 15    Spells: 0 memorised, 3 levels left

rFire  . . .     SeeInvis .       - Unarmed
rCold  . . .     Gourm    .     g - +2 robe {rN+}
rNeg   + . .     Faith    .     (no shield)
rPois  .         Spirit   .     b - +0 helmet
rElec  .         Reflect  .     (no cloak)
rCorr  .         Harm     .     (no gloves)
MR     .....                    (no boots)
Stlth  +.........               (no amulet)
                                (no ring)
                                (no ring)

@: lethally poisoned (0 -> -10)
A: spiny 1
a: no special abilities


You were on level 2 of the Dungeon.
You were not hungry.

You visited 1 branch of the dungeon, and saw 3 of its levels.

You collected 74 gold pieces.

Inventory:

Missiles
 c - 3 throwing nets (quivered)
 h - 2 exploding tomahawks
 k - 8 tomahawks
Armour
 a - a +0 leather armour
 b - a +0 helmet (worn)
 g - a +2 robe of positive energy (worn)
Scrolls
 e - a scroll of noise {unknown}
 i - 3 scrolls of remove curse {unknown}
 l - a scroll of identify
 n - a scroll of magic mapping {unknown}
Potions
 j - a potion of flight {unknown}
 m - a potion of berserk rage {unknown}
Comestibles
 d - 2 bread rations
 f - a meat ration
 o - a royal jelly
 p - 3 chunks of flesh


   Skills:
 - Level 2.0 Fighting
 - Level 1.7 Throwing
 - Level 2.6 Dodging
 + Level 4.5 Unarmed Combat


You had 3 spell levels left.
You didn't know any spells.

Dungeon Overview and Level Annotations

Branches:
Dungeon (3/15)

Altars:

Annotations:
D:2 Sigmund
D:3 quoriil's ghost, weakling HEAE


Innate Abilities, Weirdness & Mutations

You are partially covered in sharp spines.


Message History

You hit the scorpion.
The scorpion is severely wounded.
* * * LOW HITPOINT WARNING * * *
You feel sick. The scorpion stings you!
* * * LOW HITPOINT WARNING * * *
You barely miss the scorpion.
The scorpion is severely wounded.
* * * LOW HITPOINT WARNING * * *
You feel sick. The scorpion misses you.
You closely miss the scorpion.
The scorpion is severely wounded.
* * * LOW HITPOINT WARNING * * *
You feel sick. The scorpion closely misses you.
You closely miss the scorpion. Your punch misses the scorpion.
The scorpion is severely wounded.
* * * LOW HITPOINT WARNING * * *
You feel sick.
You hit the scorpion but do no damage. You punch the scorpion.
The scorpion is severely wounded.
You die...

#...#.#.##.......#.....#
###.#............#.....#
#.#............#.....#
####.#............#.....#
#....#............#.....#
#.####.####.......#....##
#.##.#.# #########.....
#.##.#)###################
#.#......@s...............
#.##.#.#############......
#.##.#.##..........#......
##.##.#.##..........#......
#...#.#.##.................
#...#.#.##.....)...........
#.....#..............######
#.....####...........######
#.....# ###......##.......


You could see a scorpion.

Vanquished Creatures
  Jessica (D:2)
  2 adders (D:2)
  An ooze (D:2)
  A giant cockroach (D:2)
  2 goblins
  4 hobgoblins
  3 jackals (D:1)
  A quokka (D:1)
  5 bats
  A kobold (D:2)
  4 rats (D:1)
25 creatures vanquished.

Notes
Turn   | Place    | Note
-------+----------+-------------------------------------------
     0 | D:1      | pkoi the Demonspawn Gladiator began the quest for the Orb.
     0 | D:1      | Reached XP level 1. HP: 16/16 MP: 1/1
   178 | D:1      | Reached skill level 3 in Unarmed Combat
   202 | D:1      | Gained mutation: You are partially covered in sharp spines. [demonic ancestry]
   202 | D:1      | Reached XP level 2. HP: 16/22 MP: 2/2
   834 | D:2      | Reached XP level 3. HP: 19/27 MP: 3/3
  1133 | D:2      | Reached skill level 4 in Unarmed Combat
  1234 | D:2      | Noticed Jessica
  1240 | D:2      | Killed Jessica
  1240 | D:2      | Reached XP level 4. HP: 28/33 MP: 4/4
  1242 | D:2      | Noticed Sigmund
  1321 | D:3      | Noticed quoriil's ghost (weakling HEAE)
  1540 | D:2      | HP: 1/33 [poisoned by a scorpion]
  1541 | D:2      | Succumbed to a scorpion's poison

Skill      XL: |  1  2  3 |
---------------+----------+-----
Unarmed Combat | 3 4 |  4.5
Fighting       | |  2.0
Throwing       | |  1.7
Dodging        | |  2.6

Action                   |  1- 3 |  4- 6 || total
-------------------------+-------+-------++-------
Melee: Unarmed           |    85 |    22 ||   107
       Punch             |     1 |     1 ||     2
  Use: Scroll            |     1 |       ||     1
  Eat: Chunk             |     1 |     1 ||     2
Armor: Leather armour    |    33 |       ||    33
       Robe              |       |     2 ||     2
Dodge: Dodged            |    76 |    16 ||    92
